 Dungeon Crawl Stone Soup version 0.31-a0-229-g1fc7ce93e2 (webtiles) character file.

Game seed: 2692432984634663810

23 qw the Shooter (level 2, 0/24 HPs)
             Began as a Minotaur Hexslinger on July 6, 2023.
             Slain by a frilled lizard (1 damage)
             ... on level 1 of the Dungeon.
             The game lasted 00:00:10 (263 turns).

qw the Shooter (Minotaur Hexslinger)                 Turns: 263, Time: 00:00:10

Health: 0/24       AC:  2    Str: 12    XL:     2   Next: 75%
Magic:  2/2        EV: 12    Int: 10    God:
Gold:   40         SH:  0    Dex: 12    Spells: 2/3 levels left

rFire   . . .        a - +1 sling
rCold   . . .        (no shield)
rNeg    . . .        c - +0 robe
rPois   .            (helmet restricted)
rElec   .            (no cloak)
rCorr   .            (no gloves)
SInv    .            (no boots)
Will    .....        (no amulet)
Stlth   +            (no ring)
HPRegen 0.24/turn    (no ring)
MPRegen 0.08/turn

%: no passive effects
@: no status effects
A: horns 2, retaliatory headbutt
a: no special abilities


You were on level 1 of the Dungeon.
You visited 1 branch of the dungeon, and saw 1 of its levels.

You collected 40 gold pieces.


Innate Abilities, Weirdness & Mutations

You have a pair of horns on your head.
You reflexively headbutt those who attack you in melee.


   Skills:
 - Level 2.0 Fighting
 + Level 3.3 Ranged Weapons
 - Level 2.1 Dodging
 - Level 1.0 Spellcasting
 - Level 2.0 Hexes


You had 2 spell levels left.
You knew the following spells:

 Your Spells              Type           Power      Damage    Failure   Level
a - Slow                  Hex            16%        N/A       16%         1

Your spell library contained the following spells:

 Spells                   Type           Power      Damage    Failure   Level
 Inner Flame              Hex/Fire       2%         N/A       56%         3
 Portal Projectile        Hex/Tloc       4%         N/A       56%         3
 Cause Fear               Hex            2%         N/A       83%         4

Inventory:

Hand Weapons
 a - a +1 sling (weapon)
Armour
 c - a +0 robe (worn)
Scrolls
 b - a scroll of poison
 d - a scroll of fear {unknown}

Dungeon Overview and Level Annotations

Branches:
Dungeon (1/15)

Altars:


Message History

The sling bullet closely misses the hobgoblin.
The jackal barely misses you. The jackal closely misses you. x2
You shoot a sling bullet.
The sling bullet completely misses the jackal.
The sling bullet closely misses the kobold.
The sling bullet hits the hobgoblin but does no damage.
The jackal closely misses you. The jackal barely misses you. x2
The jackal bites you.
You shoot a sling bullet.
The sling bullet closely misses the jackal.
The sling bullet closely misses the kobold.
The sling bullet hits the hobgoblin.
The hobgoblin is moderately wounded.
The jackal bites you. x2; The jackal barely misses you.
You furiously retaliate!
You headbutt the jackal. The jackal barely misses you. You furiously retaliate!
You headbutt the jackal!
You kill the jackal!
You shoot a sling bullet.
The sling bullet barely misses the jackal.
The jackal barely misses you. The kobold hits you with a +0 dagger.
You shoot a sling bullet.
The sling bullet closely misses the jackal.
The jackal closely misses you. You furiously retaliate!
You headbutt the jackal!
You kill the jackal!
The ball python bites you but does no damage.
The ball python misses you. The kobold closely misses you.
You shoot a sling bullet.
The sling bullet barely misses the ball python.
The ball python bites you. The ball python barely misses you.
The kobold hits you but does no damage.
You shoot a sling bullet. The sling bullet hits the ball python!
You kill the ball python!
The kobold closely misses you.
You shoot a sling bullet. The sling bullet hits the kobold!
You kill the kobold!
You shoot a sling bullet.
The sling bullet barely misses the hobgoblin.
The hobgoblin hits you. The frilled lizard bites you. The hobgoblin misses you.
The frilled lizard bites you.
You die...

..%##......### .#
##.#.### ##.#.# # #
#.#.## ##.#.
###.#.######
...%..##......##..#
##......##......###
......##l.....##..#
#....g@##......###
.[.##############


You could see a hobgoblin and a frilled lizard.

Vanquished Creatures
  4 endoplasms (D:1)
  A goblin (D:1)
  4 jackals (D:1)
  A quokka (D:1)
  A ball python (D:1)
  2 bats (D:1)
  4 frilled lizards (D:1)
  3 kobolds (D:1)
  2 rats (D:1)
22 creatures vanquished.

Notes
Turn   | Place    | Note
-------+----------+-------------------------------------------
     0 | D:1      | qw the Minotaur Hexslinger began the quest for the Orb.
     0 | D:1      | Reached XP level 1. HP: 16/16 MP: 1/1
     0 | D:1      | 0 ||| qw: Version: 0.3-a-46-gb1f654a
     0 | D:1      | 0 ||| qw: Game counter: 1515
     0 | D:1      | 0 ||| qw: Melee chars always use a shield: true
     0 | D:1      | 0 ||| qw: God list: Okawaru
     0 | D:1      | 0 ||| qw: Allow faded altars: false
     0 | D:1      | 0 ||| qw: Do Orc after clearing Dungeon:15 true
     0 | D:1      | 0 ||| qw: Do second Lair branch before Depths: true
     0 | D:1      | 0 ||| qw: Lair rune preference: random
     0 | D:1      | 0 ||| qw: Goals: Normal
     0 | D:1      | 0 ||| PLANNING D:1-11
    98 | D:1      | Reached skill level 3 in Ranged Weapons
   103 | D:1      | Reached XP level 2. HP: 23/23 MP: 2/2
   263 | D:1      | HP: 4/24 [hobgoblin (4)]
   263 | D:1      | HP: 1/24 [frilled lizard (3)]
   263 | D:1      | Slain by a frilled lizard

Levels and vault maps discovered:
D:1:      psy_arrival_terrarium, layout_rooms, minmay_gold_behind_fungi,
          nicolae_houndstooth_variations

Skill      XL: |  1  2 |
---------------+-------+-----
Ranged Weapons | 3 |  3.3
Fighting       | 2 |  2.0
Dodging        | |  2.1
Spellcasting   | |  1.0
Hexes          | |  2.0

Action                     || total
---------------------------++-------
   Fire: Sling             ||    52
 Armour: Robe              ||     3
  Dodge: Dodged            ||    25

Table legend:
 A = Non-vault XP
 B = Vault XP
 C = Vault XP percentage of total XP
 D = Non-vault monster count
 E = Vault monster count
 F = Vault count percentage of total count
                 A         B        C        D         E       F
            +---------+---------+-------+---------+---------+-------
      Total |      34 |       0 |   0.0 |      22 |       0 |   0.0
            +---------+---------+-------+---------+---------+-------
        D:1 |      34 |       0 |   0.0 |      22 |       0 |   0.0
            +---------+---------+-------+---------+---------+-------
